 Dungeon Crawl Stone Soup version 0.23-a0-151-gf6d1ed2 (webtiles) character file.

43 Amnesiac the Chiller (level 3, -1/24 HPs)
             Began as a Mummy Ice Elementalist on Sept 8, 2018.
             Killed by divine providence
             ... invoked by an orc priest
              (14 damage)
             ... on level 4 of the Dungeon.
             The game lasted 00:02:09 (515 turns).

Amnesiac the Chiller (Mummy Ice Elementalist)        Turns: 515, Time: 00:02:10

Health: -1/24      AC:  4    Str:  9    XL:     3   Next: 37%
Magic:  0/7        EV: 12    Int: 15    God:
Gold:   60         SH:  0    Dex: 12    Spells: 7/8 levels left

rFire    x . .     SeeInvis .   (no weapon)
rCold    + + .     Gourm    .   (no shield)
rNeg     + + +     Faith    .   a - +0 robe
rPois    ∞         Spirit   .   c - +0 helmet
rElec    .         Reflect  .   b - +0 cloak
rCorr    .         Harm     .   (no gloves)
MR       .....                  (no boots)
Stlth    ++........             (no amulet)
HPRegen  0.08/turn              f - -2 ring of strength (curse)
MPRegen  0.10/turn              g - ring of protection from cold

@: very slightly contaminated
A: no food or potions, fire vulnerability, cold resistance 1, negative energy
resistance 3, torment resistance, unbreathing
a: no special abilities


You were on level 4 of the Dungeon.
You were not hungry.

You visited 1 branch of the dungeon, and saw 4 of its levels.

You collected 60 gold pieces.

Inventory:

Armour
 a - a +0 robe (worn)
 b - a +0 cloak (worn)
 c - a +0 helmet (worn)
Jewellery
 f - a cursed -2 ring of strength (left hand)
 g - a ring of protection from cold (right hand)
Scrolls
 d - a scroll of amnesia {!r}
 e - a scroll of teleportation {!r}
 h - a scroll of identify {!r, unknown}


   Skills:
 - Level 1.5 Dodging
 - Level 1.5 Stealth
 + Level 3.3 Spellcasting
   Level 0.7 Conjurations
 * Level 3.4 Ice Magic


You had 7 spell levels left.
You knew the following spells:

 Your Spells              Type           Power        Failure   Level  Hunger
a - Freeze                Ice            ##..         4%          1    N/A

Your spell library contained the following spells:

 Spells                   Type           Power        Failure   Level  Hunger
 Throw Frost              Conj/Ice       #.....       13%         2    N/A
 Ozocubu's Armour         Chrm/Ice       #.......     28%         3    N/A
 Throw Icicle             Conj/Ice       #.......     63%         4    N/A
 Summon Ice Beast         Ice/Summ       #.......     67%         4    N/A

Dungeon Overview and Level Annotations

Branches:
Dungeon (4/15)
 Temple: D:4-7

Altars:

Annotations:
D:3 exclusion: centaur


Innate Abilities, Weirdness & Mutations

You do not eat or drink.
Your flesh is vulnerable to fire.
You are immune to poison.
Your flesh is cold resistant. (rC+)
You are immune to negative energy. (rN+++)
You are immune to unholy pain and torment.
You can survive without breathing.


Message History

Aim: an orc priest, wearing a ring mail (moderately wounded)
You freeze the orc priest.
The orc priest is severely wounded.
The orc priest mumbles some strange prayers to Beogh against you.
Beogh smites you!
Ouch! That really hurt!
* * * LOW HITPOINT WARNING * * *
Casting: Freeze (safe; 4% risk of failure)
Confirm with . or Enter, or press ? or * to list all spells.
Aiming: Freeze (safe; 4% risk of failure)
Press: ? - help, Shift-Dir - straight line, f/p - orc priest
Aim: an orc priest, wearing a ring mail (severely wounded)
You freeze the orc priest.
The orc priest is almost dead.
The orc priest closely misses you.
Casting: Freeze (safe; 4% risk of failure)
Confirm with . or Enter, or press ? or * to list all spells.
Aiming: Freeze (safe; 4% risk of failure)
Press: ? - help, Shift-Dir - straight line, f/p - orc priest
Aim: an orc priest, wearing a ring mail (almost dead)
You freeze the orc priest.
The orc priest is almost dead.
An orc comes into view.
Casting: Freeze (safe; 4% risk of failure)
Confirm with . or Enter, or press ? or * to list all spells.
Aiming: Freeze (safe; 4% risk of failure)
Press: ? - help, Shift-Dir - straight line, f - orc, p - orc priest
Aim: an orc You miscast Freeze.
You are very lightly contaminated with residual magic.
Frost spreads across the the floor.
The orc closely misses you.
Unknown command.
Casting: Freeze (safe; 4% risk of failure)
Confirm with . or Enter, or press ? or * to list all spells.
Aiming: Freeze (safe; 4% risk of failure)
Press: ? - help, Shift-Dir - straight line, f/p - orc
Aim: an orc You freeze the orc.
The orc is severely wounded.
The orc priest calls upon Beogh to heal the orc.
The orc's wounds heal themselves!
The orc misses you.
Unknown command.
Casting: Freeze (safe; 4% risk of failure)
Confirm with . or Enter, or press ? or * to list all spells.
Aiming: Freeze (safe; 4% risk of failure)
Press: ? - help, Shift-Dir - straight line, f/p - orc
Aim: an orc You freeze the orc.
The orc is heavily wounded.
The orc barely misses you.
The orc priest looks satisfied for a moment.
The orc barely misses you.
Unknown command.
Casting: Freeze (safe; 4% risk of failure)
Confirm with . or Enter, or press ? or * to list all spells.
You don't have enough magic to cast that spell.
You aren't carrying any items that you can evoke.
You closely miss the orc.
The orc is heavily wounded.
The orc barely misses you.
The orc priest calls down the wrath of Beogh upon you.
Beogh smites you!
Ouch! That really hurt!
You die...

#. #. #.
##. .. #.
#.######.#
#..o@oooo#
##########


You could see an orc priest and 4 orcs.

Vanquished Creatures
  3 adders (D:3)
  An ooze (D:2)
  A dart slug (D:1)
  A leopard gecko (D:3)
  A hobgoblin (D:2)
  2 bats
  A frilled lizard (D:2)
  A goblin (D:2)
  4 toadstools (D:1)
15 creatures vanquished.

Notes
Turn   | Place    | Note
-------+----------+-------------------------------------------
     0 | D:1      | Amnesiac the Mummy Ice Elementalist began the quest for the
                  | Orb.
     0 | D:1      | Reached XP level 1. HP: 13/13 MP: 4/4
   209 | D:2      | Reached XP level 2. HP: 17/19 MP: 0/5
   311 | D:3      | Reached XP level 3. HP: 22/24 MP: 0/7
   478 | D:3      | Noticed a centaur
   515 | D:4      | Killed from afar by an orc priest

Vault maps used:
D:1:      ldierk_water_garden, kennysheep_minor_cross, minmay_heptomino_w4
D:2:      serial_forest, infiniplex_forest_lined_3,
          infiniplex_forest_clump_diagonal, infiniplex_forest_lined_room_2,
          infiniplex_forest_clump_cross, infiniplex_forest_clump_diagonal,
          infiniplex_forest_straight_2, infiniplex_forest_clump_medium,
          tgw_kikubaaqudgha
D:3:      minmay_quantized
D:4:      lemuel_doored_altar, ebering_ghost_reflecting_pool, first_ration,
          uniq_eustachio

Skill      XL: |  1  2 |
---------------+-------+-----
Spellcasting   | 3 |  3.3
Ice Magic      | 3 |  3.4
Dodging        | |  1.5
Stealth        | |  1.5
Conjurations   | |  0.7

Action                   || total
-------------------------++-------
Melee: Unarmed           ||    18
 Cast: Freeze            ||    33
  Use: Scroll            ||     3
Armor: Robe              ||     7
Dodge: Dodged            ||    31

Table legend:
 A = Non-vault XP
 B = Vault XP
 C = Vault XP percentage of total XP
 D = Non-vault monster count
 E = Vault monster count
 F = Vault count percentage of total count
                 A         B        C        D         E       F
            +---------+---------+-------+---------+---------+-------
      Total |      62 |       0 |   0.0 |      11 |       0 |   0.0
            +---------+---------+-------+---------+---------+-------
        D:1 |       5 |       0 |   0.0 |       2 |       0 |   0.0
        D:2 |      13 |       0 |   0.0 |       5 |       0 |   0.0
        D:3 |      44 |       0 |   0.0 |       4 |       0 |   0.0
            +---------+---------+-------+---------+---------+-------
